 Dungeon Crawl Stone Soup version 0.31-a0-325-g067879e3d3 (webtiles) character file.

Game seed: 15948013966805951554

151 Vomitron the Shield-Bearer (level 5, 0/42 HPs)
             Began as a Formicid Fighter on July 18, 2023.
             Was an Initiate of Wu Jian.
             Slain by Eustachio
             ... wielding a +2 falchion of holy wrath
              (1 damage)
             ... on level 3 of the Dungeon.
             The game lasted 00:03:44 (2589 turns).

Vomitron the Shield-Bearer (Formicid Fighter)       Turns: 2589, Time: 00:03:44

Health: 0/42       AC: 16    Str: 20 (22) XL:     5   Next: 60%
Magic:  5/5        EV:  5    Int: 12 (13) God:    Wu Jian [......]
Gold:   170        SH:  5    Dex: 13 (15) Spells: 4/4 levels left

rFire   . . .        a - +0 quarterstaff
rCold   . . .        c - +0 buckler
rNeg    . . .        h - +0 plate armour
rPois   .            (helmet unavailable)
rElec   .            (no cloak)
rCorr   .            r - +3 pair of gloves of Courage {Int+5 Dex+2}
SInv    +            (no boots)
Will    +....        (no amulet) Stlth
                     n - ring of willpower
HPRegen 0.27/turn    (no ring)
MPRegen 0.09/turn

%: no passive effects
@: no status effects
A: permanent stasis, dig shafts and tunnels, antennae 3, four strong arms
a: Dig, Shaft Self, Renounce Religion


You were on level 3 of the Dungeon.
You worshipped Wu Jian.
Wu Jian was noncommittal.
You visited 1 branch of the dungeon, and saw 4 of its levels.

You collected 170 gold pieces.

Inventory:

Hand Weapons
 a - a +0 quarterstaff (weapon)
 p - a +0 dagger of holy wrath
Missiles
 t - 10 poisoned darts
Armour
 b - a +0 scale mail
 c - a +0 buckler (worn)
 h - a +0 plate armour (worn)
 o - a +0 pair of gloves
 r - the +3 pair of gloves of Courage (worn) {Int+5 Dex+2}
   (You found it on level 3 of the Dungeon)

   Int:       It affects your intelligence (+5).
   Dex:       It affects your dexterity (+2).
Jewellery
 n - a ring of willpower (left hand)
Scrolls
 g - a scroll of teleportation
 s - a scroll of vulnerability
Potions
 d - a potion of might
 j - a potion of lignification
 k - a potion of ambrosia
 m - a potion of mutation


   Skills:
 + Level 4.1 Fighting
 * Level 3.7 Staves
 + Level 4.1 Armour
 + Level 4.9 Shields


You had 4 spell levels left.
You didn't know any spells.
Your spell library contained the following spells:

 Spells                   Type           Power      Damage    Failure   Level
 Lesser Beckoning         Tloc           0%         N/A       100%        2
 Static Discharge         Conj/Air       0%         2-2/arc   100%        2
 Gell's Gravitas          Tloc           0%         N/A       100%        3
 Teleport Other           Tloc           0%         N/A       100%        3
 Airstrike                Air            0%         2d(0-16)  100%        4
 Manifold Assault         Tloc           0%         N/A       100%        4
 Summon Lightning Spire   Summ/Air       0%         N/A       100%        4
 Blink                    Tloc           Unusable   N/A       N/A         2

Dungeon Overview and Level Annotations

Branches:
Dungeon (4/15)
 Temple: D:4-7

Altars:
Gozag
Wu Jian

Annotations:
D:3 Eustachio


Innate Abilities, Weirdness & Mutations

You cannot be hasted, slowed, berserked, paralysed or teleported.
You can dig through walls and to a lower floor.
You have a pair of large antennae on your head. (SInv)
Your four strong arms can wield two-handed weapons with a shield.


Message History

Eustachio hits you with a +2 falchion of holy wrath.
You closely miss Eustachio.
Eustachio is heavily wounded.
The bat hits you but does no damage. You block Eustachio's attack.
The iron imp barely misses you.
You closely miss Eustachio.
Eustachio is heavily wounded.
Eustachio barely misses you. The bat barely misses you.
The shadow imp barely misses you.
The iron imp hits you but does no damage.
Eustachio hits you but does no damage.
You hit Eustachio.
Eustachio is heavily wounded.
You block the bat's attack. The shadow imp gestures at you.
Pain shoots through your body!
The iron imp hits you but does no damage.
Eustachio casts a spell.
The shadow imp barely misses you.
You hit Eustachio.
Eustachio is heavily wounded.
The bat hits you but does no damage. x2
Eustachio hits you with a +2 falchion of holy wrath.
* * * LOW HITPOINT WARNING * * *
The iron imp hits you!
* * * LOW HITPOINT WARNING * * *
The shadow imp gestures at you. You resist with some effort.
It was a potion of degeneration.
There was something very wrong with that liquid.
You feel weakened.
You feel dopey.
You feel clumsy. The bat hits you but does no damage.
The bat completely misses you.
Eustachio casts a spell.
The shadow imp gestures at you. You resist with some effort.
You block the iron imp's attack.
You sock Eustachio!
Eustachio is severely wounded.
The bat hits you.
* * * LOW HITPOINT WARNING * * *
Eustachio hits you with a +2 falchion of holy wrath.
You die...

#....#...##.....#........#.......
..#.............#........#.......
####..................[..........
.................................
####.....................#.......
# ##<...................#.......
######...#......5........####.###
..#....###...#.5.........# #..#
....#.......##b@@#######.###.##
...........###.5.# #......#
............###.b######.....## #
............................# #
............................# #
............##............(.# #
............##..............# #
............#####......####### #
...........## ######.......####


You could see Eustachio, an iron imp (summoned), a crimson imp (summoned), a
shadow imp (summoned) and 2 bats.

Vanquished Creatures
  A howler monkey (D:3)
  An orc priest (D:2)
  An adder (D:4)
  2 dart slugs
  6 orcs
  6 endoplasms
  A giant cockroach (D:1)
  6 goblins
  4 hobgoblins
  5 jackals
  7 kobolds
  2 quokkas
  7 ball pythons
  8 bats
  5 frilled lizards
  5 rats
67 creatures vanquished.

Notes
Turn   | Place    | Note
-------+----------+-------------------------------------------
     0 | D:1      | Vomitron the Formicid Fighter began the quest for the Orb.
     0 | D:1      | Reached XP level 1. HP: 18/18 MP: 1/1
    93 | D:1      | Reached XP level 2. HP: 22/24 MP: 2/2
   367 | D:1      | Reached XP level 3. HP: 29/29 MP: 3/3
  1765 | D:2      | Reached XP level 4. HP: 34/37 MP: 4/4
  1979 | D:3      | Reached XP level 5. HP: 42/42 MP: 5/5
  2031 | D:3      | Identified the +3 pair of gloves of Courage {Int+5 Dex+2}
  2111 | D:3      | Found an ornate altar of the Wu Jian Council.
  2163 | D:3      | Became a worshipper of the Wu Jian Council
  2541 | D:4      | Found an opulent altar of Gozag.
  2541 | D:4      | Noticed Eustachio
  2587 | D:3      | HP: 1/42 [iron imp[Eustachio] (9)]
  2589 | D:3      | Slain by Eustachio

Illustrated notes

Levels and vault maps discovered:
D:1:      nicolae_arrival_somewhat_less_tricky_arrival, layout_basic
D:2:      layout_basic
D:3:      layout_rooms, nicolae_wu_jian_wuxing_cycle
D:4:      layout_rooms, nicolae_qazlal_general_emergency,
          nicolae_gozag_seed_capital, xom_teletrap_fun,
          minmay_temple_entry_mist, serial_shops, shop, chequers_mini_garden,
          uniq_eustachio

Skill      XL: |  1  2  3  4 |
---------------+-------------+-----
Staves         | 3 |  3.7
Fighting       | 4 |  4.1
Armour         | 4 |  4.1
Shields        | |  4.9

Action                     |  1- 3 |  4- 6 || total
---------------------------+-------+-------++-------
  Melee: Quarterstaff      |    97 |   118 ||   215
Ability: Lunge             |       |     2 ||     2
    Use: Scroll            |       |     8 ||     8
         Potion            |       |     1 ||     1
 Armour: Scale mail        |    23 |       ||    23
         Plate armour      |    33 |    81 ||   114
  Dodge: Dodged            |    44 |    42 ||    86
  Block: Buckler           |    27 |    24 ||    51

Table legend: (Time is in decaauts)
 A = Elapsed time spent in this place.
 B = Non-inter-level travel time spent in this place.
 C = Inter-level travel time spent in this place.
 D = Time resting spent in this place.
 E = Time spent auto-exploring this place.
 F = Levels seen in this place.
 G = Mean time per level.
                   A        B        C        D        E       F      G
               +--------+--------+--------+--------+--------+-----+--------+
         Total |   2630 |   2556 |     74 |    157 |   1825 |   4 |  657.5 |
       Dungeon |   2630 |   2556 |     74 |    157 |   1825 |   4 |  657.5 |
               +--------+--------+--------+--------+--------+-----+--------+

Top non-repeatable levels by time:
     D:1: 926 daAuts
     D:2: 889 daAuts
     D:3: 727 daAuts
     D:4: 86 daAuts
